 Dungeon Crawl Stone Soup version 0.28.0-43-g3370ac3207 (webtiles) character file.

Game seed: 1070442249698894184

17371 croobank the Cleaver (level 12, 0/113 HPs)
             Began as a Hill Orc Fighter on Mar 4, 2022.
             Was a Believer of Beogh.
             Slain by a dire elephant (19 damage)
             ... on level 3 of the Lair of Beasts.
             The game lasted 00:38:36 (13758 turns).

croobank the Cleaver (Hill Orc Fighter)            Turns: 13758, Time: 00:38:37

Health: 0/113      AC: 28    Str: 22    XL:     12   Next: 47%
Magic:  12/12      EV:  7    Int:  8    God:    Beogh [**....]
Gold:   496        SH:  8    Dex: 12    Spells: 11/11 levels left

rFire   + . .      SeeInvis .   a - +3 war axe (venom)
rCold   . . .      Faith    .   c - +1 buckler
rNeg    . . .      Spirit   .   I - +8 plate armour of Jubedigo {Harm rF+}
rPois   .          Reflect  .   (no helmet)
rElec   .          Harm     +   (no cloak)
rCorr   .          Rampage  .   s - +1 pair of gloves
Will    .....                   H - +1 pair of boots
Stlth   ..........              (no amulet)
HPRegen 0.28/turn               l - ring of flight
MPRegen 0.13/turn               (no ring)

@: about to teleport, flying
A: MP-powered wands
a: Renounce Religion, Smiting


You were on level 3 of the Lair of Beasts.
You worshipped Beogh.
Beogh was pleased with you.
You visited 2 branches of the dungeon, and saw 11 of its levels.
You also visited: Sewer and Ossuary.

You collected 496 gold pieces.

Inventory:

Hand Weapons
 a - a +3 war axe of venom (weapon)
 b - a +0 hand crossbow
 p - a +0 morningstar
 A - a +1 whip of flaming
 B - a +1 vorpal halberd
 K - a +5 short sword of protection
 M - a +1 hand axe of flaming
Missiles
 g - 76 bolts
 j - 107 sling bullets
 n - 6 datura-tipped darts
 o - 10 boomerangs (quivered)
 q - 177 stones
 z - a throwing net
Armour
 c - a +1 buckler (worn)
 s - a +1 pair of gloves (worn)
 F - a +0 scale mail
 H - a +1 pair of boots (worn)
 I - the +8 plate armour of Jubedigo (worn) {Harm rF+}
   (You found it on level 5 of the Dungeon)

   rF:        It protects you from fire.
   Harm:      It increases damage dealt and taken.
Jewellery
 l - a ring of flight (left hand)
 E - a ring of magical power
 G - a ring of fire
Wands
 y - a wand of paralysis (5)
 N - a wand of polymorph (7)
 O - a wand of flame (22)
 Q - a wand of mindburst (5)
 R - a wand of acid (6)
Scrolls
 d - 4 scrolls of fear
 e - a scroll of fog
 f - 2 scrolls of immolation
 h - a scroll of identify
 J - a scroll of teleportation
 L - a scroll of amnesia
 P - a scroll of magic mapping
 S - 2 scrolls of summoning {unknown}
Potions
 i - a potion of curing
 k - 2 potions of experience {unknown}
 m - 2 potions of lignification {unknown}
 r - 4 potions of mutation
 t - 4 potions of magic {unknown}
 u - 3 potions of brilliance {unknown}
 w - 2 potions of haste {unknown}
 x - 4 potions of cancellation {unknown}
 C - 3 potions of flight {unknown}
 D - a potion of ambrosia {unknown}


   Skills:
 + Level 12.6 Fighting
 + Level 13.3 Axes
 + Level 11.6 Armour
 + Level 11.5 Shields


You had 11 spell levels left.
You didn't know any spells.
Your spell library contained the following spells:

 Spells                   Type           Power      Damage    Failure   Level
 Foxfire                  Conj/Fire      0%         2x1d4     99%         1
 Conjure Flame            Conj/Fire      0%         6-21      100%        3
 Inner Flame              Hex/Fire       0%         N/A       100%        3
 Flame Wave               Conj/Fire      0%         2d4       100%        4


Dungeon Overview and Level Annotations

Branches:
Dungeon (8/15)             Temple (0/1) D:4            Lair (3/6) D:8
  Sewer (visited)         Ossuary (visited)
  Swamp: Lair:2-4    Shoals: Lair:2-4     Snake: Lair:2-4    Spider: Lair:2-4

Altars:
Makhleb
Trog
Yredelemnul

Shops:
D:3 [   D:4 (   D:7 =   D:8 (!


Innate Abilities, Weirdness & Mutations

You expend magic power (3 MP) to strengthen your wands.


Message History

The dire elephant tramples you but does no damage.
The dire elephant trunk-slaps you but does no damage.
You hit the dire elephant.
The dire elephant looks as sick as possible!
The dire elephant is moderately wounded.
The dire elephant tramples you!
You hold your ground!
You block the dire elephant's attack.
You hit the dire elephant.
The dire elephant is moderately wounded.
The dire elephant tramples you!
You hold your ground!
You block the dire elephant's attack.
You completely miss the dire elephant.
The dire elephant is moderately wounded.
You barely miss the dire elephant.
The dire elephant is moderately wounded.
You block the dire elephant's attack. The dire elephant trunk-slaps you!
You hit the dire elephant.
The dire elephant looks as sick as possible!
The dire elephant is heavily wounded.
The dire elephant barely misses you. The dire elephant trunk-slaps you.
You feel much better. The dire elephant tramples you!!
* * * LOW HITPOINT WARNING * * *
You hold your ground!
The dire elephant trunk-slaps you.
* * * LOW HITPOINT WARNING * * *
As you read the scroll of fear, it crumbles to dust.
You assume a fearsome visage.
The dire elephant easily resists.
The dire elephant tramples you but does no damage.
The dire elephant trunk-slaps you but does no damage.
As you read the scroll of teleportation, it crumbles to dust.
You feel strangely unstable.
The dire elephant tramples you but does no damage.
You block the dire elephant's attack.
You feel better. The dire elephant tramples you!
* * * LOW HITPOINT WARNING * * *
You hold your ground!
The dire elephant trunk-slaps you but does no damage.
You completely miss the dire elephant.
The dire elephant is heavily wounded.
The dire elephant tramples you!
You die...

##..♣ #...♣ ##..♣
#..♣ ##..♣ #...♣
#÷..♣ ##Y..♣♣
#@#.†.♣♣ ###..Y.♣
#....♣♣ .
#.....♣♣ ..
#.....)♣♣♣♣♣♣...
#...............
#......††.......
#................
##...............


You could see a dire elephant (extremely poisoned).

Vanquished Creatures
  Pikel (D:8)
  2 black mambas
  9 elephants (Lair:3)
  4 cane toads
  A rime drake (Lair:3)
  A polar bear (Lair:1)
  8 blink frogs
  Sigmund (D:6)
  26 yaks
  A spriggan (Lair:3)
  A steam dragon (D:5)
  Edmund (D:6)
  8 water moccasins
  Duvessa (D:5)
  2 black bears (D:6)
  An ogre (D:4)
  4 centaurs
  11 wolves
  4 lemures (D:8)
  Blork the orc (D:6)
  3 kobold brigands (Sewer)
  11 bullfrogs
  10 scorpions (Ossuary)
  Dowan (D:5)
  11 killer bees
  3 howler monkeys
  An electric eel (D:8)
  3 centaur zombies (Ossuary)
  A human zombie (Ossuary)
  4 jellies
  4 hounds
  3 gnoll shamans
  6 scorpion zombies (Ossuary)
  4 orc wizards
  A killer bee zombie (D:7)
  3 mummies (Ossuary)
  20 gnolls
  5 adders
  2 howler monkey skeletons
  A river rat (D:3)
  A shadow imp (D:4)
  3 white imps
  An ufetubus (D:5)
  An adder skeleton (D:2)
  2 worms
  20 orcs
  14 endoplasms
  A giant cockroach (D:3)
  6 gnoll zombies (Ossuary)
  6 goblins
  5 hobgoblins
  5 quokkas
  13 ball pythons
  4 bats
  4 frilled lizards
  2 goblin zombies (Ossuary)
  2 hobgoblin zombies (Ossuary)
  13 kobolds
  A kobold zombie (Ossuary)
  2 orc zombies (Ossuary)
  9 rats
  A bush (D:8)
301 creatures vanquished.

Vanquished Creatures (others)
  A wizard (D:6)
  An orc (D:8)
  81 fungi
  50 plants
133 creatures vanquished.

Grand Total: 434 creatures vanquished

Notes
Turn   | Place    | Note
-------+----------+-------------------------------------------
     0 | D:1      | croobank the Hill Orc Fighter began the quest for the Orb.
     0 | D:1      | Reached XP level 1. HP: 19/19 MP: 1/1
    73 | D:1      | Reached skill level 3 in Axes
    73 | D:1      | Reached XP level 2. HP: 15/27 MP: 2/2
   729 | D:1      | Reached XP level 3. HP: 23/33 MP: 3/3
  1639 | D:2      | Reached XP level 4. HP: 14/41 MP: 4/4
  2443 | D:3      | Found a faded altar of an unknown god.
  2591 | D:3      | Found a glowing drain.
  2610 | Sewer    | Entered a sewer
  2986 | Sewer    | Noticed a kobold brigand
  2994 | Sewer    | Killed a kobold brigand
  2995 | Sewer    | Reached skill level 4 in Axes
  2995 | Sewer    | Reached XP level 5. HP: 35/47 MP: 5/5
  3030 | Sewer    | Noticed a kobold brigand
  3044 | Sewer    | Killed a kobold brigand
  3045 | Sewer    | Reached skill level 5 in Fighting
  3045 | Sewer    | Reached XP level 6. HP: 21/56 MP: 6/6
  3420 | Sewer    | Gained mutation: You expend magic power (3 MP) to
                  | strengthen your wands. [potion of mutation]
  3686 | D:3      | Found Ripacel's Antique Armour Boutique.
  4104 | D:4      | Found a staircase to the Ecumenical Temple.
  4497 | D:3      | Reached skill level 5 in Axes
  4594 | D:4      | Found a basalt altar of Yredelemnul.
  4708 | D:4      | Reached skill level 5 in Armour
  4708 | D:4      | Reached skill level 5 in Shields
  4708 | D:4      | Reached XP level 7. HP: 55/61 MP: 7/7
  4758 | D:4      | Found Famor's Antique Weapon Shoppe.
  5020 | D:5      | Entered Level 5 of the Dungeon
  5062 | D:5      | Identified the +8 plate armour of Jubedigo {Harm rF+}
  5191 | D:5      | Noticed Dowan
  5191 | D:5      | Noticed Duvessa
  5213 | D:5      | Killed Duvessa
  5214 | D:5      | Reached skill level 6 in Axes
  5230 | D:4      | HP: 3/63 [poisoned by an orc wizard]
  5625 | D:5      | Killed Dowan
  5791 | D:5      | Reached XP level 8. HP: 71/71 MP: 8/8
  6410 | D:5      | Reached skill level 7 in Axes
  6841 | D:6      | Identified the +1 robe "Muob" {Dex+6}
  6875 | D:6      | Noticed Blork the orc
  6881 | D:6      | Killed Blork the orc
  7019 | D:5      | Reached XP level 9. HP: 80/80 MP: 9/9
  7254 | D:6      | Reached skill level 8 in Axes
  7348 | D:6      | Found a bloodstained altar of Trog.
  7489 | D:6      | Noticed Edmund
  7501 | D:6      | Killed Edmund
  7536 | D:6      | Noticed Sigmund
  7553 | D:6      | Killed Sigmund
  7723 | D:6      | Noticed a wizard
  7726 | D:6      | Killed a wizard
  7783 | D:7      | Found a sand-covered staircase.
  7789 | Ossuary  | Entered an ossuary
  8038 | Ossuary  | Reached skill level 9 in Axes
  8268 | D:7      | Found a burning altar of Makhleb.
  8334 | D:7      | Reached XP level 10. HP: 84/91 MP: 10/10
  8407 | D:7      | Noticed a cyclops
  8407 | D:7      | Noticed a deep elf pyromancer
  9064 | D:7      | Found Upenteza's Jewellery Shoppe.
  9413 | D:8      | Became a worshipper of Beogh the Brigand
  9587 | D:8      | Found Werhaimu's Antique Weapon Boutique.
  9710 | D:8      | Found Sije's Distillery.
  9763 | D:8      | Found a staircase to the Lair.
  9870 | D:8      | Noticed Pikel
  9886 | D:8      | Killed Pikel
  9887 | D:8      | Reached skill level 10 in Axes
 10021 | Lair:1   | Entered Level 1 of the Lair of Beasts
 10405 | Lair:1   | Reached skill level 10 in Fighting
 10618 | Lair:1   | Reached * piety under Beogh
 11000 | Lair:2   | Reached skill level 11 in Axes
 11001 | Lair:2   | Reached XP level 11. HP: 82/101 MP: 11/11
 11363 | Lair:2   | Reached skill level 10 in Armour
 11428 | Lair:2   | Reached skill level 10 in Shields
 12320 | Lair:2   | Reached skill level 12 in Axes
 12805 | Lair:3   | Reached ** piety under Beogh
 13108 | Lair:3   | Reached XP level 12. HP: 73/112 MP: 12/12
 13535 | Lair:3   | Reached skill level 13 in Axes
 13726 | Lair:3   | Noticed a dire elephant
 13758 | Lair:3   | Slain by a dire elephant

Illustrated notes

Levels and vault maps discovered:
D:1:      dpeg_arrival_oval, layout_basic, st_stairs_9, columned_hall_lemuel
D:2:      minmay_general_purpose_star, layout_loops_corners
D:3:      layout_loops_corners, ebering_ecumenical_altar_ruins,
          portal_sewer_entry_a, serial_shops, shop
D:4:      layout_rooms, mainiacjoe_overflow_concentric_impassable,
          minmay_temple_entry_trees, serial_shops,
          nicolae_shop_overgrown_old_shop
D:5:      layout_cave_pools, uniq_duvessa
D:6:      layout_cave_pools, trog_wizard, sigmund_edmund_badplayer,
          uniq_blork_the_orc
D:7:      layout_basic, makhleb_heckhound_becter, serial_shops, shop,
          lightli_ossuary_entry_decrepit_ruins, lightli_corner_chamber
D:8:      layout_gridville, dpeg_oklobed_lair, nicolae_wooded_promenade,
          kb_lookout_dungeons_type, uniq_pikel
Lair:1:   layout_roguey, grunt_megastairs_2
Lair:2:   layout_concentric_octagons, infiniplex_staircase_pool_2,
          serial_bayou_shore_b
Lair:3:   mu_elephants_graveyard, layout_big_grid

Skill      XL: |  1  2  3  4  5  6  7  8  9 10 11 12 |
---------------+-------------------------------------+-----
Axes           | 3 4 5 6 7 9 11 12 13 | 13.3
Fighting       | 4 5 6 7 9 10 11 12 | 12.6
Armour         | 4 5 7 8 9 10 11 | 11.6
Shields        | 4 5 7 8 9 10 11 | 11.5

Action                   |  1- 3 |  4- 6 |  7- 9 | 10-12 || total
-------------------------+-------+-------+-------+-------++-------
Melee: War axe           |    72 |   136 |   323 |   448 ||   979
 Fire: Hand crossbow     |       |     5 |     6 |       ||    11
Throw: Boomerang         |       |     2 |       |       ||     2
Invok: Convert to Beogh  |       |       |       |     1 ||     1
  Use: Scroll            |       |     5 |    13 |     7 ||    25
       Potion            |       |     2 |     5 |     3 ||    10
Armor: Scale mail        |    27 |    72 |     8 |       ||   107
       Plate armour      |       |       |   272 |   335 ||   607
Dodge: Dodged            |    29 |    63 |   105 |   104 ||   301
Block: Buckler           |    16 |    37 |   127 |   157 ||   337
